Cogmind - Beta 14 @@@ ROGUE MODE // 2024.11.07 @ 17:39:14 Player: Shimmyarah Result: Self-destructed Performance ------------- Evolutions (2) 1000 Regions Visited (4) 800 Robots Destroyed (44) 220 Value Destroyed (1105) 1105 Prototype IDs (1) 20 Alien Tech Used (0) 0 Bonus (0) 0 TOTAL SCORE: 3145 Bonus ------- None Cogmind --------- Core Integrity 326/550 Matter 225/300 Energy 2/100 System Corruption 0% Temperature Cool (0) Movement Treading (170) Location -8/Materials Parts ------- > --- POWER (1) -------- (None) > --- PROPULSION (2) --- Armored Treads Armored Treads > --- UTILITY (5) ------ Improved Heat Sink Large Storage Unit Improved Sensor Array Improved Terrain Scanner Seismic Detector > --- WEAPON (3) ------- Advanced Beam Cannon Mini Grenade Launcher > --- INVENTORY (15) --- Improved Ion Engine Armored Treads Armored Treads Visual Processing Unit Signal Interpreter Signal Interpreter Improved Signal Interpreter Terrain Scan Processor Kinecellerator ECM Suite Autogun Flak Cannon Chainsword Chainsword Chainsword Peak State ------------ > --- POWER ------------ Light Nuclear Core > --- PROPULSION ------- Armored Treads Armored Treads > --- UTILITY ---------- Improved Heat Sink Large Storage Unit Improved Sensor Array Improved Terrain Scanner Seismic Detector > --- WEAPON ----------- Chainsword Chainsword Chainsword > --- INVENTORY -------- Improved Ion Engine Armored Treads Armored Treads Visual Processing Unit Signal Interpreter Signal Interpreter Improved Signal Interpreter Terrain Scan Processor Kinecellerator ECM Suite Advanced Beam Cannon Advanced Beam Cannon Autogun Flak Cannon Mini Grenade Launcher [Rating: 35] Favorites ----------- Power Improved Ion Engine Engine Improved Ion Engine Power Core Light Nuclear Core Propulsion Light Treads Treads Light Treads Utility Improved Terrain Scanner Device Improved Terrain Scanner Storage Small Storage Unit Weapon Advanced Beam Cannon Energy Gun Particle Gun Energy Cannon Advanced Beam Cannon Ballistic Gun Assault Rifle Ballistic Cannon Flak Cannon Launcher Rocket Launcher Slashing Weapon Chainsword Build | -11 -10 -10 -9 -8 ------- Run | Yrd Mat Min Mat Mat Slots Evolved 4 | . . . 2 2 Power . | . . . . . Propulsion . | . . . . . Utility 3 | . . . 1 2 Weapon 1 | . . . 1 . Parts Attached 31 | 6 2 . 11 12 Power 3 | 1 . . 1 1 Engine 2 | 1 . . 1 . Core 1 | . . . . 1 Reactor . | . . . . . Propulsion 6 | 2 . . 4 . Treads 6 | 2 . . 4 . Leg . | . . . . . Wheel . | . . . . . Hover . | . . . . . Flight . | . . . . . Utility 8 | 1 1 . 2 4 Device 5 | . 1 . 1 3 Storage 3 | 1 . . 1 1 Processor . | . . . . . Hackware . | . . . . . Protection . | . . . . . Artifact . | . . . . . Weapon 14 | 2 1 . 4 7 Energy Gun 2 | 1 . . 1 . Energy Cannon 4 | . . . 2 2 Ballistic Gun 1 | 1 . . . . Ballistic Cannon 1 | . . . . 1 Launcher 3 | . 1 . 1 1 Special Weapon . | . . . . . Impact Weapon . | . . . . . Slashing Weapon 3 | . . . . 3 Piercing Weapon . | . . . . . Special Melee Weapon . | . . . . . Unidentified Prototypes 1 | . . . 1 . Parts Lost 5 | . . . 2 3 Power 1 | . . . . 1 Propulsion . | . . . . . Utility . | . . . . . Weapon 4 | . . . 2 2 Highest Loss Streak 2 | . . . 1 2 To Critical Strikes . | . . . . . Average Slot Usage (%) 97 | . 100 100 99 92 Engine 10 | . 14 14 11 7 Treads 21 | . 28 28 22 18 Device 23 | . 14 14 22 30 Storage 10 | . 14 14 11 9 Energy Gun 6 | . 10 . 9 . Energy Cannon 6 | . . . 2 15 Ballistic Gun 6 | . 14 14 9 . Launcher 8 | . 3 14 10 6 Slashing Weapon 1 | . . . . 3 Peak Build Rating 35 | 6 9 9 23 35 Average Rating 17 | 5 9 9 14 27 On Entrance 9 | . 6 9 9 23 Naked Turns . | . . . . . Heaviest Build 45 | 14 16 16 31 45 Greatest Support 43 | 40 40 40 43 40 Greatest Overweight (x) 1 | . . . . 1 Average Overweight (x) . | . . . . . Largest Inventory Capacity 15 | 8 8 8 10 15 Average Capacity 9 | 7 8 8 8 12 Most Carried 15 | 5 7 7 10 15 Average Carried 8 | 2 4 7 7 11 Final Capacity 15 | 8 8 8 10 15 Final Carried 15 | 5 7 7 10 15 Class Distribution -------------------- 57% | Skirmisher 25% | Mutant 14% | Scavenger-Skirmisher Dominant Class ---------------- Mutant | -10/Materials Mutant | -10/Mines Skirmisher | -9/Materials Skirmisher | -8/Materials Resources | -11 -10 -10 -9 -8 ----------- Run | Yrd Mat Min Mat Mat Matter Collected 955 | 293 52 1 203 406 Remotely . | . . . . . Salvage Created 1250 | 183 214 1 405 447 Parts 94 | 12 9 2 32 39 Haulers Intercepted . | . . . . . Recyclers Shooed 1 | . . . 1 . Parts Field Recycled . | . . . . . Retrieved Matter . | . . . . . Parts Self-Destructed . | . . . . . Prevented . | . . . . . Kills | -11 -10 -10 -9 -8 ------- Run | Yrd Mat Min Mat Mat Combat Hostiles Destroyed 26 | . 5 . 8 13 Melee 1 | . . . . 1 Guns 10 | . 3 . 7 . Cannons 9 | . . . . 9 AOE 6 | . 2 . 1 3 Classes Destroyed 13 | 3 2 1 3 4 Worker 4 | 2 1 . . 1 Builder 3 | . . 1 . 2 Tunneler 3 | 3 . . . . Recycler 2 | 1 1 . . . Operator 1 | . . . 1 . Watcher 5 | . 1 . 3 1 Swarmer 7 | . . . . 7 Grunt 11 | . 5 . 3 3 Brawler 1 | . . . 1 . Sentry 4 | . . . 4 . Specialist 1 | . . . . 1 Hunter 1 | . . . . 1 Heavy 1 | . . . . 1 Best Kill Streak 5 | 3 3 1 2 5 Combat Bots Only 3 | . 2 . 2 3 Max Kills in Single Turn 3 | 1 2 1 2 3 Gunslinging . | . . . . . Exploded 1 | . 1 . 1 1 Melee 1 | . . . . 1 Uniques/NPCs Destroyed . | . . . . . Combat | -11 -10 -10 -9 -8 -------- Run | Yrd Mat Min Mat Mat Hostile Shots Fired 129 | . 32 . 16 81 Missed 35 | . 8 . 6 21 Damage Taken 1414 | . 295 . 130 989 Core 282 | . 44 . 14 224 Absorbed by Shields . | . . . . . Core Remaining (%) 92 | 100 . 82 96 . Volleys Fired 101 | 11 24 . 20 46 Largest 3 | 2 2 . 3 3 Hottest 180 | 70 70 . 118 180 Shots Fired 207 | 22 48 . 48 89 Gun 91 | 22 36 . 33 . Cannon 82 | . . . . 82 Launcher 34 | . 12 . 15 7 Special . | . . . . . Kinetic 60 | 11 24 . 20 5 Thermal 113 | 11 12 . 13 77 Explosive 34 | . 12 . 15 7 Electromagnetic . | . . . . . Robot Hit Streak 8 | 5 7 . 8 5 Robot Miss Streak 9 | 1 3 . 2 9 Penetration Max . | . . . . . Secondary Targets 1 | . 1 . . . Max Gunslinging Chain 1 | . 1 . . . Shots Hit Robots 107 | 12 24 . 22 49 Core Hits 73 | 6 18 . 21 28 Critical Kills . | . . . . . Critical Parts Destroyed 1 | . 1 . . . Critical Strikes 3 | . 1 . 2 . Burn 1 | . . . 1 . Destroy 2 | . 1 . 1 . Melee Attacks 6 | . . . . 6 Impact . | . . . . . Slashing 6 | . . . . 6 Piercing . | . . . . . Sneak Attacks . | . . . . . Combat Hostiles . | . . . . . Follow-up Attacks 1 | . . . . 1 Damage Inflicted 2783 | 150 692 16 532 1393 Guns 690 | 150 271 . 269 . Cannons 815 | . . . . 815 Explosions 1010 | . 421 . 263 326 Melee 205 | . . . . 205 Ramming 63 | . . 16 . 47 Kinetic 464 | 74 187 . 144 59 Thermal 1041 | 76 84 . 125 756 Explosive 1010 | . 421 . 263 326 Electromagnetic . | . . . . . Impact . | . . . . . Slashing 205 | . . . . 205 Piercing . | . . . . . Highest Corruption . | . . . . . Average Corruption . | . . . . . Corruption Purged . | . . . . . Corruption Blocked . | . . . . . Overload Shots . | . . . . . Overflow Damage 10 | . . . . 10 Projectiles 2 | . . . . 2 Explosions 7 | . . . . 7 Melee 1 | . . . . 1 Knockbacks 2 | . . . . 2 Impact . | . . . . . Kinetic 2 | . . . . 2 Secondary . | . . . . . Self-Inflicted Damage 69 | . 10 . . 59 Shots 4 | . 1 . . 3 Rammed 10 | . . 3 . 7 Targets Rammed 11 | . . 4 . 7 Kicked . | . . . . . Crushed 1 | . . 1 . . Highest Temperature 668 | 27 189 . 157 668 Average Temperature 121 | 12 75 . 47 176 Received Heat Transfer 480 | . 177 . 78 225 Effects 15 | . . . . 15 Shutdowns 2 | . . . . 2 Energy Bleed 2 | . . . . 2 Interference 4 | . . . . 4 Matter Decay 1 | . . . . 1 Damage (minor) 2 | . . . . 2 Damage (major) 3 | . . . . 3 Damage (core) 1 | . . . . 1 Siege Activations . | . . . . . Robots Corrupted . | . . . . . Combat Hostiles . | . . . . . Parts Fried . | . . . . . Impact Corruptions . | . . . . . Robots Melted . | . . . . . Combat Hostiles . | . . . . . Parts Melted 2 | 1 . . . 1 Heat Transferred 2220 | 222 259 . 370 1369 Parts Sabotaged . | . . . . . Parts Stolen . | . . . . . Parts Stripped . | . . . . . Power Chain Reactions . | . . . . . Alert | -11 -10 -10 -9 -8 ------- Run | Yrd Mat Min Mat Mat Peak Influence 313 | 30 154 20 204 313 Initial 81 | . 19 15 7 81 Average 100 | 15 47 17 86 158 Maximum Alert Level 1 | . . . 1 1 Low Security (%) 87 | 100 100 100 99 65 Level 1 12 | . . . . 34 Level 2 . | . . . . . Level 3 . | . . . . . Level 4 . | . . . . . Level 5 . | . . . . . High Security . | . . . . . Max Security . | . . . . . Squads Dispatched 6 | . 1 . 1 4 Investigation 2 | . 1 . . 1 Extermination . | . . . . . Reinforcement 4 | . . . 1 3 Assault . | . . . . . Garrison . | . . . . . Intercept . | . . . . . Searches Triggered . | . . . . . Construction Impeded 1 | . . . . 1 Haulers Reinforced . | . . . . . Active Scanning Responses . | . . . . . Cargo Convoy Interrupts . | . . . . . Stealth | -11 -10 -10 -9 -8 --------- Run | Yrd Mat Min Mat Mat Distress Signals 2 | . . . 1 1 Communications Jammed . | . . . . . Distress Signals . | . . . . . Times Spotted 36 | . 5 . 12 19 Peak Tracking Total 6 | . 2 . 2 6 Tactical Retreats 3 | . . . . 3 Traps | -11 -10 -10 -9 -8 ------- Run | Yrd Mat Min Mat Mat Traps Triggered 1 | . 1 . . . Indirectly . | . . . . . Trap Hack Attempts . | . . . . . Triggered . | . . . . . Disarmed . | . . . . . Reprogrammed . | . . . . . Reused . | . . . . . Traps Extracted . | . . . . . Installed . | . . . . . Triggered . | . . . . . Machines | -11 -10 -10 -9 -8 ---------- Run | Yrd Mat Min Mat Mat Machines Disabled 8 | . 4 . 2 2 Max in Single Turn 3 | . 3 . 1 1 Machines Repaired . | . . . . . Machines Dismantled . | . . . . . Machines Sabotaged . | . . . . . Overloaded Fab Kills . | . . . . . Hacking | -11 -10 -10 -9 -8 --------- Run | Yrd Mat Min Mat Mat Machines Accessed 3 | . 1 . 1 1 Terminals 3 | . 1 . 1 1 Fabricators . | . . . . . Repair Stations . | . . . . . Recycling Units . | . . . . . Scanalyzers . | . . . . . Garrison Access . | . . . . . Total Hacks 7 | . 1 . 2 4 Successful 3 | . 1 . 1 1 Failed 4 | . . . 1 3 Catastrophic . | . . . . . Database Lockouts . | . . . . . Manual 7 | . 1 . 2 4 Terminals 7 | . 1 . 2 4 Fabricators . | . . . . . Repair Stations . | . . . . . Recycling Units . | . . . . . Scanalyzers . | . . . . . Garrison Access . | . . . . . Terminal Hacks . | . . . . . Fabricator Hacks . | . . . . . Repair Station Hacks . | . . . . . Recycling Unit Hacks . | . . . . . Scanalyzer . | . . . . . Garrison Access Hacks . | . . . . . Unauthorized Hacks 3 | . 1 . 1 1 Terminals 3 | . 1 . 1 1 Operators 3 | . 1 . 1 1 Fabricators . | . . . . . Repair Stations . | . . . . . Recycling Units . | . . . . . Scanalyzers . | . . . . . Garrison Access . | . . . . . Data Cores Recovered . | . . . . . Used . | . . . . . Hacking Detections 1 | . . . . 1 Full Trace Events 1 | . . . . 1 Feedback Events . | . . . . . Feedback Blocked . | . . . . . Robot Schematics Acquired . | . . . . . Robots Built . | . . . . . Authchips . | . . . . . Time . | . . . . . Total Robot Build Rating . | . . . . . Part Schematics Acquired . | . . . . . Parts Built . | . . . . . Authchips . | . . . . . Time . | . . . . . Total Part Build Rating . | . . . . . Parts Repaired . | . . . . . Time . | . . . . . Parts Recycled . | . . . . . Recycled Matter . | . . . . . Retrieved Matter . | . . . . . Retrieved Components . | . . . . . Parts Scanalyzed . | . . . . . Part Schematics Acquired . | . . . . . Parts Damaged . | . . . . . Bothacking | -11 -10 -10 -9 -8 ------------ Run | Yrd Mat Min Mat Mat Used RIF Installer . | . . . . . Robots Hacked . | . . . . . Non-combat . | . . . . . Combat . | . . . . . Robot Hacks Applied . | . . . . . Relay Couplers Released . | . . . . . Fabnet Peak Effective % . | . . . . . Robots Rewired . | . . . . . Allies Hacked . | . . . . . Hacks Repelled . | . . . . . Allies | -11 -10 -10 -9 -8 -------- Run | Yrd Mat Min Mat Mat Total Allies . | . . . . . Largest Group . | . . . . . Highest-Rated Group . | . . . . . Highest-Rated Ally . | . . . . . Total Orders . | . . . . . Ally Attacks . | . . . . . Total Damage . | . . . . . Kills . | . . . . . Allies Corrupted . | . . . . . Allies Melted . | . . . . . Intel | -11 -10 -10 -9 -8 ------- Run | Yrd Mat Min Mat Mat Robot Analysis Total . | . . . . . Derelict Logs Recovered . | . . . . . Drone Launches . | . . . . . Drone Recoveries . | . . . . . Exploration | -11 -10 -10 -9 -8 ------------- Run | Yrd Mat Min Mat Mat Turns Passed 3229 | 198 435 42 1438 1116 Spaces Moved 1668 | 98 224 23 833 490 Core 7 | 7 . . . . Treads 1661 | 91 224 23 833 490 Legs . | . . . . . Wheels . | . . . . . Hover . | . . . . . Flight . | . . . . . Fastest Speed 50 | 50 160 160 160 170 Average Speed 168 | 152 160 160 160 190 Slowest Speed 250 | 160 160 160 170 250 Overloaded Moves . | . . . . . Propulsion Burnouts . | . . . . . Robots Hopped . | . . . . . Cave-ins Triggered . | . . . . . Exploration Rate (%) 19 | 8 24 9 41 15 Regions Visited 4 Branch Regions 1 Pre-discovered Areas . | . . . . . Known Exits Taken . | . . . . . Unknown Exits Taken 4 | 1 1 1 1 . Scrap Searched . | . . . . . Spaces Dug . | . . . . . Terrain Destroyed 286 | . 27 . 165 94 Melee . | . . . . . Projectile 8 | . . . . 8 AOE 278 | . 27 . 165 86 Terrain Rammed . | . . . . . Walls Destroyed . | . . . . . Machines Disabled . | . . . . . Actions | -11 -10 -10 -9 -8 --------- Run | Yrd Mat Min Mat Mat Total 1880 | 125 252 26 906 571 Wait . | . . . . . Move 1664 | 97 223 22 832 490 Hop . | . . . . . Pick Up 44 | 11 3 . 22 8 Fast Attach 2 | . . . 1 1 Attach 15 | 6 1 . 4 4 Detach 1 | . . . . 1 Swap 15 | . 1 . 7 7 Drop 22 | . . . 20 2 Fire 101 | 11 24 . 20 46 Melee 5 | . . . . 5 Ram . | . . . . . Kick . | . . . . . Crush 11 | . . 4 . 7 Escape Stasis . | . . . . . Rewire . | . . . . . Trap . | . . . . . Miscellaneous . | . . . . . Route ------- -11/Scrapyard -10/Materials -10/Mines -9/Materials -8/Materials History --------- Turn | Location | Event 9 | -11/Scrapyard | Discovered new exit (range 16) 199 | -11/Scrapyard | Entered Materials 315 | -10/Materials | Build established: Mutant 555 | -10/Materials | Discovered new exit (range 11) 634 | -10/Materials | Entered Mines 652 | -10/Mines | Discovered new exit (range 11) 676 | -10/Mines | Entered Materials 676 | -9/Materials | Evolved 2 slots: Utility x1, Weapon x1 983 | -9/Materials | Build established: Skirmisher 1884 | -9/Materials | Build established: Scavenger-Skirmisher 2083 | -9/Materials | Discovered new exit (range 4) 2114 | -9/Materials | Entered another Materials area 2114 | -8/Materials | Evolved 2 slots: Utility x2 2270 | -8/Materials | Build established: Skirmisher 3230 | -8/Materials | Self-destructed Last Messages --------------- 03213_ K-01 Serf collects debris. 03213_ U-05 Engineer lays Concrete. 03214_ U-05 Engineer builds a Wall. 03215_ The unstable cave ceiling collapses. 03215_ Transmission Jammer crushed. 03215_ The unstable cave ceiling collapses. 03217_ K-01 Serf collects debris. 03219_ U-05 Engineer builds a Wall. 03219_ Acquired 57 matter. 03221_ K-01 Serf collects debris. 03223_ U-05 Engineer lays Concrete. 03223_ Slammed into U-05 Engineer. 03224_ Acquired 21 matter. 03224_ ALERT: Construction progress impeded, dispatching reinforcements to local area. 03224_ K-01 Serf collects debris. 03225_ The unstable cave ceiling collapses. 03226_ Acquired 2 matter. 03227_ K-01 Serf collects debris. 03227_ R-06 Scavenger collects Welding Torch. Map ----- +----------------------------------------------------+ | ???????????????????????????????????????????????? | | ???????????????????????????????????????????????? | | ???????????????????????????????????????????????? | | ???????????????????????????????????????????????? | | ???????????????????????????????????????????????? | | ???????????????????????????????????????????????? | | ???????????????????????????????????????????????? | | ???????????????????????????????????????????????? | | ??????#????????????????????????????????????????? | | ???????????????????????????????????????????????? | | ??????#?????????????????? ???????????????????? | | ????????????????????????? #??????????????????? | | ??????????#??#????#?????? #??????????????????? | | ???#?????????#??#????????x #??????????????????? | | ? ??????????#???????????? #??????????????????? | | ????"????#???????? ?????? +??????????????????? | | "???????????????????????? #??????????????????? | | ???????????????#????????# #??????????????????? | | ? ? ??? ????????????????# #??????????????????? | | ??###########???????????# #??????? ??????????? | | ??# #??#????????# #??????????????????? | | ??#] ! #????######## #??????????????????? | | ??# ###### # # #??????????????????? | | ??# ## # !!# ##?????????????????? | | ??#####+# = ####= #????? ???????????? | | ???## " * | *! ! * @ #?????????????????? | | #?#?##" % # % k### u ??????????? | | ####### ## # ### ==# r ### #????????? | | ### #### ### # # #?? ??? ???????? | | T #?## ############ ###?????????????????? | | ### #??# #???????#??? #???????????????????? | | # ###?###?#?# #?#????????#+#???????????????????? | | # # ##?#????# ##???????????????????????????????? | | # # ##?#?### #????##??????????????????????????? | | # # ######?# ##??#????????????????????????????? | | # #[ ##?????# #?????#??????????????????????????? | | #=########### #####?##?????????????????????????? | | # # = + #????#???????????????????????????? | | # #= ####????#??????? ???????????????????? | | # # = [#??#?#????????? ????????????????????? | | # #?##????????????????????????????????? | | + " #?##??#??#??????????????????????????? | | # """"" #?##?????????#??????????????????????? | | # """"" #??###???###????????????????????????? | | # """"" #???#????????#??????????????????????? | | # """ #??##???????#???????????????????????? | | ##########?#?????????????????????????????????? | | #####?#?###??????????????????????????????????? | | ####?#????#??????????????????????????????????? | | #?#????##??#?????#?#?????????????????????????? | +----------------------------------------------------+ Best States ------------- Heat Dissipation 45 Energy Generation 14 Energy Capacity 265 Matter Stores 300 Matter Capacity 300 Sight Range 16 Robot Scan Range 15 Terrain Scan Range 16 Terrain Scan Density 10 Evasion (%) 40 Recoil Reduction 2 Item Schematics ----------------- None Robot Schematics ------------------ None Fabricated ------------ Nothing Alien Tech Used ----------------- None Achievements -------------- None Challenges ------------ None Game ------ Seed EtherialStealthCompanion Manual? 0 Play Time 00:28:37 Cumulative 15.3 hours Start 2024.11.07 @ 16:50:57 End 2024.11.07 @ 17:39:14 Sessions 3 Manual Loads 0 Difficulty Rogue Special Mode None Game No. 36 Rogue 36 Adventurer 0 Explorer 0 Win Type - Total 0 Types 0/0/0/0/0/0/0/0/0 Lore% 8 Gallery% 15 Achievement% 15 Wizard Run 0 Options --------- Layout 1 ASCII 0 Keyboard 0 Movement Arrows Keybinds 0 Fullscreen 1 Font 24/Smallcaps Map View 50x40 Zoom Use 0% Tactical HUD 1 Map Filters NONE Filters NONE Steam 1 RUN: 06f226f8-3df3-419a-b793-a3a4b983d30b